 Dungeon Crawl Stone Soup version 0.31.0-32-g396128a36d (webtiles) character file.

Game seed: 14427870777557126270

1340 BlindTheologian the Cleaver (level 8, -8/70 HPs)
             Began as a Hill Orc Monk on Mar 29, 2024.
             Was a Believer of Beogh.
             Mangled by a troll (9 damage)
             ... on level 7 of the Dungeon.
             The game lasted 00:08:53 (5289 turns).

BlindTheologian the Cleaver (Hill Orc Monk)         Turns: 5289, Time: 00:08:54

Health: -8/70      AC:  7    Str: 14    XL:     8   Next: 62%
Magic:  11/11      EV: 11    Int: 15    God:    Beogh [**....]
Gold:   198        SH:  5    Dex: 16    Spells: 9/9 levels left

rFire   . . .        s - +8 whip of Upheaval {venom, Int+3 Dex+3}
rCold   . . .        C - +0 buckler
rNeg    . . .        k - +0 ring mail
rPois   .            D - +0 helmet
rElec   .            z - +0 cloak
rCorr   .            (no gloves)
SInv    .            (no boots)
Will    .....        (no amulet)
Stlth   +            Z - ring of wizardry
HPRegen 0.31/turn    (no ring)
MPRegen 0.12/turn

%: wizardry (x1)
@: no status effects
A: no striking features
a: Renounce Religion, Smiting


You were on level 7 of the Dungeon.
You worshipped Beogh.
Beogh was pleased with you.
You visited 1 branch of the dungeon, and saw 7 of its levels.

You collected 198 gold pieces.


   Skills:
 + Level 5.8 Fighting
 - Level 10.0 Axes
 - Level 2.4 Dodging
 - Level 5.0 Shields
 - Level 1.0 Spellcasting
 - Level 5.0 Invocations


You had 9 spell levels left.
You didn't know any spells.
Your spell library contained the following spells:

 Spells                   Type           Power      Damage    Failure   Level
 Jinxbite                 Hex            0%         N/A       36%         2
 Yara's Violent Unravell  Hex/Alch       0%         3d3       99%         5
 Enfeeble                 Hex            0%         N/A       100%        7

Inventory:

Hand Weapons
 a - a +0 hand axe
 s - the +8 whip of Upheaval (weapon) {venom, Int+3 Dex+3}
   (You found it on level 3 of the Dungeon)

   Int+3:     It affects your intelligence (+3).
   Dex+3:     It affects your dexterity (+3).
Armour
 b - a +0 robe
 k - a +0 ring mail (worn)
 z - a +0 cloak (worn)
 C - a +0 buckler (worn)
 D - a +0 helmet (worn)
Magical Staves
 n - a staff of death {!a}
Jewellery
 Z - a ring of wizardry (left hand)
Wands
 e - a wand of flame (3)
Scrolls
 f - 2 scrolls of fear {unknown}
 g - a scroll of brand weapon {unknown}
 h - a scroll of enchant weapon {unknown}
 j - 8 scrolls of identify {unknown}
 m - 3 scrolls of vulnerability {unknown}
 q - 4 scrolls of noise {unknown}
 v - 2 scrolls of immolation {unknown}
 x - a scroll of teleportation {unknown}
 y - 2 scrolls of poison {unknown}
 B - a scroll of amnesia {unknown}
Potions
 c - a potion of ambrosia
 d - a potion of berserk rage {unknown}
 i - 2 potions of magic {unknown}
 l - 3 potions of enlightenment {unknown}
 o - 2 potions of might {unknown}
 p - 2 potions of brilliance {unknown}
 t - a potion of haste {unknown}
 u - 3 potions of heal wounds {unknown}
 w - a potion of curing {unknown}
 A - 2 potions of mutation {unknown}

Dungeon Overview and Level Annotations

Branches:
Dungeon (7/15)             Temple (0/1) D:4

Altars:
Elyvilon
Nemelex Xobeh
Wu Jian
Xom

Shops:
D:2 =(

Annotations:
D:6 4 runed translucent doors

###...###
...(....#
#....#.##
#.......## #
#...(....###.##
..#.............
#.........####
##.##.T.##.# #
##@## # ###


You could see a troll (extremely poisoned).


Message History

Unknown command.
You are too injured to fight recklessly!
Unknown command.
You are too injured to fight recklessly!
Unknown command.
You are too injured to fight recklessly!
You are too injured to fight recklessly!
You hit the troll but do no damage.
The troll is severely wounded.
The troll misses you. The troll closely misses you. x2
Unknown command.
You hit the troll.
The troll looks as sick as possible!
The troll is severely wounded.
The troll bites you!
* * * LOW HITPOINT WARNING * * *
You block the troll's attack. The troll misses you.
You closely miss the troll.
The troll is severely wounded.
You block the troll's attack. The troll barely misses you. x2
Unknown command.
You hit the troll.
The troll looks as sick as possible!
The troll is almost dead.
The troll barely misses you. You block the troll's attack. The troll claws you!
* * * LOW HITPOINT WARNING * * *
You barely miss the troll.
The troll is almost dead.
The troll bites you.
* * * LOW HITPOINT WARNING * * *
The troll claws you!
You die...

Skill      XL: |  1  2  3  4  5  6  7  8 |
---------------+-------------------------+-----
Fighting       | 4 5 |  5.8
Axes           | 5 6 8 9 10 | 10.0
Spellcasting   | 1 |  1.0
Invocations    | 5 |  5.0
Shields        | 3 5 |  5.0
Dodging        | |  2.4

Action                     |  1- 3 |  4- 6 |  7- 9 || total
---------------------------+-------+-------+-------++-------
  Melee: Hand axe          |     8 |       |       ||     8
         Mace              |    70 |    15 |       ||    85
         Whip              |       |    74 |   103 ||   177
  Throw: Dart              |       |     3 |     3 ||     6
 Invoke: Convert to Beogh  |       |       |     1 ||     1
 Armour: Robe              |    20 |       |       ||    20
         Ring mail         |    30 |    53 |    75 ||   158
  Dodge: Dodged            |    62 |    51 |    38 ||   151
  Block: Buckler           |       |       |    18 ||    18

Levels and vault maps discovered:
D:1:      co_arrival_square_in_a_square_in_a_square, layout_basic,
          minmay_distorted
D:2:      layout_basic, serial_shops, shop, shop, basic_altar
D:3:      layout_basic
D:4:      layout_cave_pods, xom_redecorated, minmay_temple_entry_grid,
          kennysheep_potato, uniq_ijyb, uniq_crazy_yiuf_cottage
D:5:      layout_basic
D:6:      layout_basic, gammafunk_temple_overflow_forgotten,
          mainiacjoe_overflow_alcove_2, kennysheep_cross_bottleneck,
          minmay_hollow_rounded_squares
D:7:      layout_loops_ring, nzn_overflow_gifts_of_might_and_magic,
          uniq_jeremiah

Notes
Turn   | Place    | Note
-------+----------+-------------------------------------------
     0 | D:1      | BlindTheologian the Hill Orc Monk began the quest for the
                  | Orb.
     0 | D:1      | Reached XP level 1. HP: 19/19 MP: 1/1
    19 | D:1      | Reached skill level 4 in Fighting
    43 | D:1      | Reached XP level 2. HP: 25/27 MP: 2/2
   195 | D:1      | Reached skill level 5 in Axes
   267 | D:1      | Reached XP level 3. HP: 33/33 MP: 3/3
   819 | D:2      | Found an ornate altar of the Wu Jian Council.
   833 | D:2      | Found Zeigril's Jewellery Emporium.
   848 | D:2      | Reached skill level 1 in Spellcasting
   916 | D:2      | Found Eschiten's Weapon Emporium.
  1210 | D:2      | Reached XP level 4. HP: 33/40 MP: 5/5
  1327 | D:3      | Identified the +8 whip of Upheaval {venom, Int+3 Dex+3}
  1406 | D:3      | Reached skill level 6 in Axes
  1666 | D:3      | Reached XP level 5. HP: 31/46 MP: 6/6
  1859 | D:3      | Reached skill level 7 in Axes
  2040 | D:4      | Noticed a black bear
  2050 | D:4      | Killed a black bear
  2051 | D:4      | Reached skill level 8 in Axes
  2051 | D:4      | Reached XP level 6. HP: 29/52 MP: 7/7
  2148 | D:4      | Reached skill level 9 in Axes
  2162 | D:4      | Found a staircase to the Ecumenical Temple.
  2184 | D:4      | Found a shimmering altar of Xom.
  2189 | D:4      | Found a shimmering altar of Xom.
  2189 | D:4      | Found a shimmering altar of Xom.
  2191 | D:4      | Found a shimmering altar of Xom.
  2191 | D:4      | Found a shimmering altar of Xom.
  2193 | D:4      | Found a shimmering altar of Xom.
  2424 | D:4      | Noticed Ijyb
  2451 | D:4      | Killed Ijyb
  2874 | D:4      | Found a runed translucent door.
  2875 | D:4      | Noticed Crazy Yiuf
  3158 | D:4      | Killed Crazy Yiuf
  3159 | D:4      | Reached XP level 7. HP: 54/59 MP: 8/8
  3221 | D:5      | Entered Level 5 of the Dungeon
  3319 | D:5      | Became a worshipper of Beogh the Brigand
  3319 | D:5      | Reached * piety under Beogh
  3319 | D:5      | Reached ** piety under Beogh
  3335 | D:5      | Reached skill level 1 in Invocations
  3441 | D:5      | Reached skill level 10 in Axes
  3441 | D:5      | Reached skill level 2 in Invocations
  3486 | D:5      | Reached skill level 3 in Invocations
  3502 | D:5      | Identified the +6 short sword of the Extremes {vamp, rC-
                  | Dex+6}
  3784 | D:5      | Reached skill level 4 in Invocations
  4188 | D:6      | Found an ornate altar of the Wu Jian Council.
  4196 | D:6      | Reached skill level 1 in Shields
  4202 | D:6      | Found a sparkling altar of Nemelex Xobeh.
  4202 | D:6      | Found a white marble altar of Elyvilon.
  4259 | D:6      | Reached skill level 2 in Shields
  4283 | D:6      | Reached skill level 3 in Shields
  4283 | D:6      | Reached skill level 5 in Invocations
  4283 | D:6      | Reached XP level 8. HP: 32/66 MP: 11/11
  4475 | D:6      | Reached skill level 4 in Shields
  4570 | D:6      | Found a large runed translucent door.
  4697 | D:6      | Noticed a boulder beetle
  4698 | D:6      | Found a large runed translucent door.
  4702 | D:6      | Found a large runed translucent door.
  4702 | D:6      | Found a large runed translucent door.
  4745 | D:6      | Reached skill level 5 in Shields
  4781 | D:6      | Noticed a vampire
  4858 | D:6      | Reached skill level 5 in Fighting
  5272 | D:7      | Noticed a troll
  5288 | D:7      | HP: 5/70 [troll (12)]
  5289 | D:7      | HP: 1/70 [troll (4)]
  5289 | D:7      | Mangled by a troll

Vanquished Creatures
  An ice beast (D:6)
  A black bear (D:4)
  3 sky beasts (D:6)
  3 ogres
  A centaur (D:6)
  A scorpion (D:3)
  A howler monkey (D:6)
  A bombardier beetle (D:6)
  A jelly (D:5)
  3 hounds
  Crazy Yiuf (D:4)
  3 iguanas
  A sleepcap (D:4)
  Ijyb (D:4)
  An orc wizard (D:6)
  4 adders
  A white imp (D:5)
  A dart slug (D:1)
  A ribbon worm (D:4)
  10 orcs
  9 ball pythons
  7 bats
  5 endoplasms
  4 giant cockroaches
  6 goblins
  10 hobgoblins
  8 jackals
  2 quokkas
  4 frilled lizards (D:1)
  3 kobolds
  6 rats
104 creatures vanquished.

Table legend: (Time is in decaauts)
 A = Elapsed time spent in this place.
 B = Non-inter-level travel time spent in this place.
 C = Inter-level travel time spent in this place.
 D = Time resting spent in this place.
 E = Time spent auto-exploring this place.
 F = Levels seen in this place.
 G = Mean time per level.
                   A        B        C        D        E       F      G
               +--------+--------+--------+--------+--------+-----+--------+
         Total |   5298 |   4927 |    371 |    357 |   3686 |   7 |  756.9 |
       Dungeon |   5298 |   4927 |    371 |    357 |   3686 |   7 |  756.9 |
               +--------+--------+--------+--------+--------+-----+--------+

Top non-repeatable levels by time:
     D:4: 1272 daAuts
     D:5: 961 daAuts
     D:6: 859 daAuts
     D:3: 834 daAuts
     D:2: 689 daAuts
     D:1: 626 daAuts
     D:7: 53 daAuts

Table legend:
 A = Non-vault XP
 B = Vault XP
 C = Vault XP percentage of total XP
 D = Non-vault monster count
 E = Vault monster count
 F = Vault count percentage of total count
                 A         B        C        D         E       F
            +---------+---------+-------+---------+---------+-------
      Total |    1618 |     297 |  15.5 |      94 |      10 |   9.6
            +---------+---------+-------+---------+---------+-------
        D:1 |      32 |       6 |  15.8 |      21 |       3 |  12.5
        D:2 |      40 |       0 |   0.0 |      15 |       0 |   0.0
        D:3 |     184 |       0 |   0.0 |      24 |       0 |   0.0
        D:4 |     267 |     112 |  29.6 |      12 |       4 |  25.0
        D:5 |     304 |       0 |   0.0 |      10 |       0 |   0.0
        D:6 |     791 |     179 |  18.5 |      12 |       3 |  20.0
            +---------+---------+-------+---------+---------+-------
